 Dungeon Crawl Stone Soup version 0.30.0-29-ga12c61a403 (webtiles) character file.

Game seed: 15232283950040596649

3986 safid the Frost Mage (level 10, -3/83 HPs)
             Began as a Merfolk Ice Elementalist on June 9, 2023.
             Was a Follower of Vehumet.
             Slain by a manticore (10 damage)
             ... on level 8 of the Dungeon.
             The game lasted 00:11:42 (8135 turns).

safid the Frost Mage (Merfolk Ice Elementalist)     Turns: 8135, Time: 00:11:42

Health: -3/83      AC: 12    Str:  8    XL:     10   Next: 22%
Magic:  18/21      EV: 18    Int: 18    God:    Vehumet [*.....]
Gold:   306        SH:  0    Dex: 16    Spells: 17/24 levels left

rFire   . . .        l - +2 long sword (flame)
rCold   . . .        (no shield)
rNeg    . . .        a - +0 robe
rPois   .            (no helmet)
rElec   .            (no cloak)
rCorr   .            x - +0 pair of gloves
SInv    .            A - +0 pair of boots
Will    .....        (no amulet)
Stlth   ++           o - +5 ring of evasion
HPRegen 0.33/turn    (no ring)
MPRegen 0.17/turn

%: no passive effects
@: ice-armoured, studying Shields
A: (nimble swimmer 2), mertail
a: Renounce Religion


You were on level 8 of the Dungeon.
You worshipped Vehumet.
Vehumet was aware of your devotion.
You visited 2 branches of the dungeon, and saw 9 of its levels.
You also visited: Sewer.

You collected 306 gold pieces.

Inventory:

Hand Weapons
 l - a +2 long sword of flaming (weapon)
Missiles
 f - a curare-tipped dart
 m - a throwing net
Armour
 a - a +0 robe (worn)
 x - a +0 pair of gloves (worn)
 A - a +0 pair of boots (worn)
Jewellery
 o - a +5 ring of evasion (left hand)
Scrolls
 h - a scroll of fog {unknown}
 i - a scroll of blinking {unknown}
 j - 2 scrolls of enchant weapon {unknown}
 k - 4 scrolls of vulnerability {unknown}
 s - 2 scrolls of butterflies {unknown}
 t - 2 scrolls of enchant armour
 v - 2 scrolls of magic mapping {unknown}
 y - a scroll of amnesia {unknown}
 z - a scroll of identify
Potions
 b - 2 potions of magic
 c - 3 potions of mutation {unknown}
 d - 3 potions of curing {unknown}
 e - a potion of berserk rage {unknown}
 g - 2 potions of resistance {unknown}
 n - 3 potions of lignification {unknown}
 p - 2 potions of brilliance {unknown}
 q - a potion of cancellation {unknown}
 r - a potion of heal wounds {unknown}
 u - a potion of attraction {unknown}
 w - 2 potions of degeneration {unknown}


   Skills:
 + Level 9.1 Fighting
 - Level 2.6 Dodging
 - Level 2.1 Stealth
 + Level 7.9 Spellcasting
 + Level 10.2 Ice Magic


You had 17 spell levels left.
You knew the following spells:

 Your Spells              Type           Power      Damage    Failure   Level
a - Freeze                Ice            100%       1d10      1%          1
b - Frozen Ramparts       Ice            88%        1d14      1%          3
c - Ozocubu's Armour      Ice            44%        N/A       1%          3

Your spell library contained the following spells:

 Spells                   Type           Power      Damage    Failure   Level
 Shock                    Conj/Air       28%        1d4       10%         1
 Apportation              Tloc           14%        N/A       10%         1
 Kiss of Death            Conj/Necr      28%        2d7       10%         1
 Necrotise                Necr           28%        1d5       10%         1
 Slow                     Hex            28%        N/A       10%         1
 Summon Small Mammal      Summ           28%        N/A       10%         1
 Summon Ice Beast         Ice/Summ       25%        N/A       12%         4
 Blink                    Tloc           14%        N/A       16%         2
 Lesser Beckoning         Tloc           14%        N/A       16%         2
 Momentum Strike          Conj/Tloc      14%        3d8       16%         2
 Confusing Touch          Hex            7%         N/A       30%         3
 Dazzling Flash           Conj/Hex       14%        N/A       30%         3
 Vampiric Draining        Necr           7%         2d6       30%         3
 Dispel Undead            Necr           7%         3d8       69%         4
 Agony                    Necr           7%         N/A       95%         5
 Silence                  Hex/Air        3%         N/A       95%         5


Dungeon Overview and Level Annotations

Branches:
Dungeon (8/15)             Temple (1/1) D:6           Sewer (visited)
   Lair: D:8-11

Altars:
Ashenzari
Dithmenos
Elyvilon
Fedhas
Gozag
Hepliaklqana
Kikubaaqudgha
Makhleb
Nemelex Xobeh
Okawaru
Qazlal
Ru
Sif Muna
Trog
Uskayaw
Vehumet
Wu Jian
Xom
Yredelemnul
Zin
The Shining One
Ignis

Annotations:
D:7 2 transporters, superbruh's ghost, novice OpBr


Innate Abilities, Weirdness & Mutations

((You are very nimble when in or above water. (Stealth+, EV+, Speed+++)))
Your lower body shifts to a powerful aquatic tail in water.


Message History

You slash the two-headed ogre! You burn the two-headed ogre.
The two-headed ogre is almost dead.
The frozen ramparts melt away.
The two-headed ogre hits you with a +0 dire flail!
* * * LOW HITPOINT WARNING * * *
The two-headed ogre hits you with a +0 giant club.
* * * LOW HITPOINT WARNING * * *
The manticore closely misses you. The manticore barely misses you.
The manticore misses you. The manticore barely misses you.
The manticore misses you.
The manticore claws you but does no damage.
You slash the two-headed ogre! You burn the two-headed ogre.
You kill the two-headed ogre!
Vehumet accepts your kill.
You feel your power returning. The manticore closely misses you.
The manticore barely misses you. The manticore claws you.
* * * LOW HITPOINT WARNING * * *
Your Fighting skill increases to level 9!
Your Ice Magic skill increases to level 10!
Unknown command.
Okay, then.
Casting: Freeze (safe; 1% risk of failure)
Confirm with . or Enter, or press ? or * to list all spells.
Aiming: Freeze (safe; 1% risk of failure)
Press: ? - help, Shift-Dir - straight line, f - manticore
Aim: a manticore (heavily wounded)
You freeze the manticore.
The manticore is heavily wounded.
The manticore completely misses you.
The manticore claws you but does no damage.
The manticore misses you.
Casting: Freeze (safe; 1% risk of failure)
Confirm with . or Enter, or press ? or * to list all spells.
Aiming: Freeze (safe; 1% risk of failure)
Press: ? - help, Shift-Dir - straight line, f/p - manticore
Aim: a manticore (heavily wounded)
You freeze the manticore!
The manticore is severely wounded.
The manticore closely misses you. x2; The manticore claws you!
You die...

...........<## #.###..
####........##
..#....## #...<.....^#
##......# ##..........#
........###...........#
##.....<##............#
...........#..........#
.#.....H#####........##
......)@# ##......##
###.....## ####.###
####...# #..#
#...#########.##
##........###..#
##.#####....#.# #..
####.#.#### ....
#......... ##...
#.........


You could see a manticore.

Vanquished Creatures
  A two-headed ogre (D:8)
  Sigmund (D:6)
  A wyvern (D:7)
  Edmund (D:6)
  3 water moccasins
  Duvessa (D:6)
  2 black bears
  An ice beast (D:4)
  5 ogres
  2 sky beasts (D:6)
  A centaur (D:8)
  A phantom (D:4)
  2 kobold brigands
  3 bullfrogs
  A gnoll sergeant (D:7)
  4 scorpions
  Dowan (D:6)
  2 howler monkeys (D:5)
  2 jellies (D:7)
  2 hounds
  An orc priest (D:2)
  Jessica (D:3)
  5 iguanas
  Terence (D:2)
  4 orc wizards
  8 gnolls
  5 adders
  7 river rats (Sewer)
  2 shadow imps
  2 white imps (D:6)
  An ufetubus (D:6)
  2 worms
  2 dart slugs
  16 orcs
  7 endoplasms
  5 giant cockroaches
  12 goblins
  8 hobgoblins
  11 jackals
  7 quokkas
  8 ball pythons
  2 bats (D:1)
  12 frilled lizards
  13 kobolds
  13 rats
192 creatures vanquished.

Notes
Turn   | Place    | Note
-------+----------+-------------------------------------------
     0 | D:1      | safid the Merfolk Ice Elementalist began the quest for the
                  | Orb.
     0 | D:1      | Reached XP level 1. HP: 13/13 MP: 3/3
   157 | D:1      | Found a faded altar of an unknown god.
   181 | D:1      | Reached XP level 2. HP: 15/20 MP: 0/5
   246 | D:1      | Reached skill level 1 in Fighting
   642 | D:1      | Reached XP level 3. HP: 23/26 MP: 3/6
  1237 | D:2      | Learned a level 3 spell: Frozen Ramparts
  1241 | D:2      | Learned a level 3 spell: Ozocubu's Armour
  1259 | D:2      | Found a bloodstained altar of Trog.
  1290 | D:2      | Noticed Terence
  1299 | D:2      | Killed Terence
  1300 | D:2      | Reached skill level 5 in Ice Magic
  1300 | D:2      | Reached XP level 4. HP: 20/33 MP: 2/8
  1664 | D:2      | Reached XP level 5. HP: 9/39 MP: 3/9
  2334 | D:3      | Noticed Jessica
  2340 | D:3      | Killed Jessica
  2484 | D:3      | Found a stormy altar of Qazlal.
  2486 | D:3      | Noticed an air elemental
  2487 | D:3      | Noticed a water elemental
  2487 | D:3      | Noticed a fire elemental
  2565 | D:3      | Reached XP level 6. HP: 47/47 MP: 11/11
  2628 | D:3      | Found a glowing drain.
  2664 | Sewer    | Entered a sewer
  3011 | Sewer    | Reached skill level 6 in Ice Magic
  3815 | D:4      | Reached XP level 7. HP: 46/54 MP: 10/13
  3947 | D:4      | Reached skill level 5 in Fighting
  4293 | D:4      | Reached skill level 7 in Ice Magic
  4489 | D:5      | Entered Level 5 of the Dungeon
  4542 | D:5      | Found an iron altar of Okawaru.
  4631 | D:5      | Reached skill level 5 in Spellcasting
  4631 | D:5      | Reached XP level 8. HP: 55/62 MP: 8/15
  5220 | D:6      | Found a staircase to the Ecumenical Temple.
  5221 | D:6      | Found a basalt altar of Yredelemnul.
  5229 | Temple   | Entered the Ecumenical Temple
  5302 | D:6      | Noticed Sigmund
  5314 | D:6      | Killed Sigmund
  5428 | D:6      | Reached skill level 8 in Ice Magic
  5547 | D:6      | Noticed Edmund
  5563 | D:6      | Killed Edmund
  5630 | D:6      | Found a white marble altar of Elyvilon.
  5631 | D:6      | Found a radiant altar of Vehumet.
  5631 | D:6      | Found a bloodstained altar of Trog.
  5633 | D:6      | Found a glowing silver altar of Zin.
  5634 | D:6      | Found a shadowy altar of Dithmenos.
  5636 | D:6      | Became a worshipper of Vehumet
  5848 | D:6      | Reached XP level 9. HP: 67/71 MP: 14/18
  6284 | D:6      | Noticed Duvessa
  6284 | D:6      | Noticed Dowan
  6293 | D:6      | Killed Duvessa
  6295 | D:6      | Killed Dowan
  6366 | D:6      | Reached skill level 9 in Ice Magic
  6929 | D:7      | Reached * piety under Vehumet
  6929 | D:7      | Offered knowledge of Shock by Vehumet.
  7133 | D:7      | Found an ornate altar of the Wu Jian Council.
  7214 | D:7      | Found a transporter.
  7353 | D:7      | Noticed a moth of wrath
  7363 | D:7      | Found a transporter.
  7478 | D:7      | Found a bloodstained altar of Trog.
  7478 | D:7      | Noticed superbruh's ghost (novice OpBr)
  7622 | D:7      | Reached XP level 10. HP: 79/82 MP: 16/21
  8119 | D:8      | Noticed a two-headed ogre
  8122 | D:8      | Noticed a manticore
  8133 | D:8      | Killed a two-headed ogre
  8134 | D:8      | Reached skill level 10 in Ice Magic
  8135 | D:8      | Slain by a manticore

Illustrated notes

Levels and vault maps discovered:
D:1:      lightli_arrival_chessboard, layout_loops_cross,
          basic_ecumenical_altar, feat_on_display
D:2:      layout_basic, basic_altar, uniq_terence
D:3:      layout_basic, nicolae_qazlal_style_of_elements, portal_sewer_entry_a,
          uniq_jessica
D:4:      layout_loops_cross, minmay_manual_mail
D:5:      layout_basic, okawaru_ov_weapons_minmay, minmay_ogre_servants
D:6:      layout_loops_corners, general_overflow_altar,
          grunt_temple_overflow_open, minmay_temple_entry_waves,
          hangedman_decor_peaks_small, hangedman_decor_push,
          nicolae_concentric_dashed_squares_wild, uniq_edmund, uniq_sigmund,
          uniq_duvessa
D:7:      layout_layer_cave, mainiacjoe_overflow_alcove_1,
          gammafunk_ghost_wrathful_warriors, serial_park_tiny_2
D:8:      layout_rooms, kennysheep_potato, uniq_maggie
Temple:   pdpol_scorched_temple

Skill      XL: |  1  2  3  4  5  6  7  8  9 10 |
---------------+-------------------------------+-----
Fighting       | 1 2 3 4 5 6 8 9 |  9.1
Ice Magic      | 5 6 7 8 9 10 | 10.2
Spellcasting   | 3 4 5 6 7 |  7.9
Dodging        | |  2.6
Stealth        | |  2.1

Action                     |  1- 3 |  4- 6 |  7- 9 | 10-12 || total
---------------------------+-------+-------+-------+-------++-------
  Melee: Club              |    23 |       |       |       ||    23
         Unarmed           |     1 |       |       |       ||     1
         Punch             |     1 |       |     3 |       ||     4
         Dagger            |    35 |    50 |       |       ||    85
         Long sword        |       |   109 |   142 |    15 ||   266
   Cast: Freeze            |    40 |    11 |     4 |     6 ||    61
         Frozen Ramparts   |       |     5 |    34 |     2 ||    41
         Ozocubu's Armour  |       |     2 |    19 |     1 ||    22
    Use: Scroll            |       |       |     4 |       ||     4
   Stab: Sleeping          |     6 |    11 |     4 |       ||    21
 Armour: Robe              |    15 |    18 |    27 |     6 ||    66
  Dodge: Dodged            |    52 |   137 |   149 |    41 ||   379
